General information
- name: BNet
- type: Ladder team game (AT/RT)
- host: Battle.net
- saver: WesFSTGDB
map: DragonFalls
- players: 8
- length: 22:42
- speed: Fast
- version: 1.24 W3XP
- replay type: Public
» download(129 KB)
Players
team 1 (winner)
WesFSTGDB (
teal | 104 APM | 2358 actions | 22:42)
8 Tauren Chieftain
3 Endurance Aura
3 War Stomp
1 Reincarnation
1 Shockwave
8 Death Knight
3 Death Coil
3 Unholy Aura
1 Animate Dead
1 Death Pact
5 Blademaster
2 Wind Walk
2 Critical Strike
1 Bladestorm
» actions
| Assign group hotkey | 31 | |
| Basic commands | 594 | |
| Build / train | 121 | |
| Enter build submenu | 32 | |
| Enter hero's abilities submenu | 22 | |
| Give item / drop item | 2 | |
| Remove unit from queue | 2 | |
| Right click | 649 | |
| Select / deselect | 455 | |
| Select group hotkey | 348 | |
| Use ability | 102 | |
2358 total
» units
| Acolyte | 7 | |
| Peon | 7 | |
| Ghoul | 3 | |
| Crypt Fiend | 8 | |
| Grunt | 5 | |
| Shaman | 7 | |
| Wind Rider | 15 | |
| Frost Wyrm | 1 | |
53 total
» upgrades
| Web | 1 | |
| Creature Attack | 2 | |
| Ranged Weapons | 2 | |
| Shaman Training | 2 | |
| Witch Doctor Training | 2 | |
| Creature Carapace | 1 | |
| Envenomed Spears | 1 | |
11 total
» buildings
| Graveyard | 1 | |
| Crypt | 1 | |
| Altar of Storms | 1 | |
| Orc Burrow | 6 | |
| Ziggurat | 5 | |
| Altar of Darkness | 1 | |
| Barracks | 2 | |
| Tomb of Relics | 1 | |
| Nerubian Tower | 1 | |
| Halls of the Dead | 1 | |
| Stronghold | 3 | |
| War Mill | 2 | |
| Necropolis | 1 | |
| Black Citadel | 2 | |
| Fortress | 2 | |
| Spirit Lodge | 2 | |
| Beastiary | 2 | |
| Sacrificial Pit | 1 | |
| Boneyard | 2 | |
37 total
» build order
00:39 Graveyard
00:41 Crypt
00:46 Altar of Storms
00:49 Orc Burrow
00:55 Ziggurat
01:17 Altar of Darkness
01:19 Ziggurat
01:27 Barracks
01:34 Orc Burrow
01:54 Tomb of Relics
02:15 Barracks
02:25 Orc Burrow
02:41 Nerubian Tower
04:35 Ziggurat
04:37 Halls of the Dead
05:20 Stronghold
05:21 Stronghold
05:21 Stronghold
05:24 War Mill
05:29 War Mill
05:47 Necropolis
07:36 Black Citadel
07:44 Fortress
07:47 Spirit Lodge
07:50 Spirit Lodge
07:55 Beastiary
07:58 Beastiary
10:05 Sacrificial Pit
11:01 Orc Burrow
11:30 Ziggurat
11:30 Ziggurat
13:00 Boneyard
13:00 Boneyard
13:20 Orc Burrow
13:22 Orc Burrow
» items
| Rod of Necromancy | 1 | |
| Scroll of Town Portal | 2 | |
| Scroll of Healing | 3 | |
| Scroll of Protection | 2 | |
| Potion of Lesser Invulnerability | 1 | |
9 total
MidgetOnStilts (
blue | 45 APM | 1022 actions | 22:41)
6 Mountain King
3 Storm Bolt
2 Bash
1 Avatar
1 Blademaster
1 Critical Strike
» actions
| Assign group hotkey | 139 | |
| Basic commands | 13 | |
| Build / train | 102 | |
| ESC pressed | 5 | |
| Enter build submenu | 29 | |
| Enter hero's abilities submenu | 6 | |
| Right click | 318 | |
| Select / deselect | 226 | |
| Select group hotkey | 127 | |
| Use ability | 57 | |
1022 total
» units
| Peasant | 20 | |
| Peon | 13 | |
| Footman | 10 | |
| Grunt | 10 | |
| Knight | 12 | |
| Troll Batrider | 17 | |
82 total
» upgrades
| Animal War Training | 1 | |
| Swords | 1 | |
| Plating | 1 | |
3 total
» buildings
| Orc Burrow | 5 | |
| Farm | 19 | |
| Altar of Storms | 1 | |
| Altar of Kings | 1 | |
| Barracks | 3 | |
| Stronghold | 2 | |
| Keep | 2 | |
| Castle | 2 | |
| Fortress | 2 | |
| War Mill | 1 | |
| Beastiary | 2 | |
| Voodoo Lounge | 1 | |
| Lumber Mill | 1 | |
| Blacksmith | 1 | |
43 total
» build order
00:42 Orc Burrow
00:52 Farm
01:11 Altar of Storms
01:24 Farm
01:36 Altar of Kings
01:37 Barracks
01:43 Barracks
01:48 Orc Burrow
01:56 Farm
02:15 Barracks
02:46 Farm
02:48 Farm
03:19 Orc Burrow
03:22 Stronghold
03:23 Stronghold
05:40 Keep
05:41 Keep
08:05 Castle
08:05 Castle
08:14 Fortress
08:14 Fortress
08:16 Orc Burrow
08:22 Orc Burrow
08:25 War Mill
08:31 Beastiary
08:32 Beastiary
09:58 Voodoo Lounge
10:13 Lumber Mill
10:19 Blacksmith
11:42 Farm
11:44 Farm
11:46 Farm
11:46 Farm
11:47 Farm
11:48 Farm
11:49 Farm
13:47 Farm
13:48 Farm
13:49 Farm
13:50 Farm
13:51 Farm
13:52 Farm
13:53 Farm
team 2 (loser)

»
original_ (
orange | 56 APM | 982 actions | 17:24)
5 Blademaster
3 Wind Walk
2 Critical Strike
3 Tauren Chieftain
1 Endurance Aura
2 War Stomp
» actions
| Assign group hotkey | 10 | |
| Basic commands | 7 | |
| Build / train | 64 | |
| Enter build submenu | 22 | |
| Enter hero's abilities submenu | 8 | |
| Give item / drop item | 2 | |
| Remove unit from queue | 4 | |
| Right click | 423 | |
| Select / deselect | 206 | |
| Select group hotkey | 169 | |
| Use ability | 67 | |
982 total
» units
| Peon | 15 | |
| Wind Rider | 10 | |
| Troll Batrider | 1 | |
| Shaman | 2 | |
| Troll Witch Doctor | 2 | |
30 total
» upgrades
| Ranged Weapons | 3 | |
| Armor | 2 | |
| Reinforced Defenses | 1 | |
| Envenomed Spears | 1 | |
| Shaman Training | 2 | |
| Witch Doctor Training | 1 | |
10 total
» buildings
| Orc Burrow | 6 | |
| Altar of Storms | 2 | |
| Stronghold | 1 | |
| Voodoo Lounge | 2 | |
| War Mill | 1 | |
| Beastiary | 2 | |
| Fortress | 1 | |
| Great Hall | 1 | |
| Spirit Lodge | 3 | |
| Watch Tower | 4 | |
23 total
» build order
00:37 Orc Burrow
01:32 Altar of Storms
02:01 Stronghold
02:10 Orc Burrow
02:36 Voodoo Lounge
03:55 War Mill
04:04 Orc Burrow
04:31 Beastiary
04:34 Beastiary
06:30 Orc Burrow
07:10 Fortress
09:28 Altar of Storms
10:18 Great Hall
10:58 Spirit Lodge
11:00 Spirit Lodge
11:50 Spirit Lodge
11:55 Orc Burrow
11:58 Orc Burrow
12:07 Voodoo Lounge
15:19 Watch Tower
15:21 Watch Tower
16:18 Watch Tower
16:20 Watch Tower
» items
| Healing Salve | 2 | |
| Scroll of Town Portal | 3 | |
| Potion of Healing | 2 | |
| Orb of Lightning | 1 | |
8 total

»
nObOdy_knOws (
purple | 74 APM | 1298 actions | 17:29)
4 Archmage
2 Summon Water Elemental
2 Brilliance Aura
» actions
| Assign group hotkey | 20 | |
| Basic commands | 59 | |
| Build / train | 72 | |
| Enter build submenu | 30 | |
| Enter hero's abilities submenu | 4 | |
| Give item / drop item | 1 | |
| Remove unit from queue | 3 | |
| Right click | 357 | |
| Select / deselect | 334 | |
| Select group hotkey | 361 | |
| Use ability | 57 | |
1298 total
» units
| Peasant | 27 | |
| Rifleman | 6 | |
| Siege Engine | 4 | |
| Mortar Team | 4 | |
41 total
» upgrades
| Lumber Harvesting | 2 | |
| Gunpowder | 3 | |
| Fragmentation Shards | 1 | |
| Barrage | 1 | |
| Masonry | 3 | |
| Flare | 1 | |
| Plating | 2 | |
13 total
» buildings
| Altar of Kings | 1 | |
| Farm | 13 | |
| Scout Tower | 5 | |
| Blacksmith | 2 | |
| Barracks | 1 | |
| Arcane Vault | 1 | |
| Lumber Mill | 1 | |
| Arcane Tower | 1 | |
| Town Hall | 1 | |
| Keep | 1 | |
| Guard Tower | 3 | |
| Castle | 1 | |
| Workshop | 3 | |
34 total
» build order
00:03 Altar of Kings
00:04 Farm
00:15 Scout Tower
00:17 Scout Tower
00:47 Blacksmith
00:52 Blacksmith
01:37 Barracks
01:46 Farm
02:10 Arcane Vault
02:22 Farm
02:40 Farm
02:49 Lumber Mill
03:22 Arcane Tower
05:05 Town Hall
05:12 Scout Tower
05:13 Scout Tower
05:15 Scout Tower
05:19 Keep
05:47 Guard Tower
06:01 Guard Tower
06:34 Farm
07:43 Castle
08:13 Guard Tower
09:20 Workshop
09:48 Workshop
10:30 Farm
10:30 Farm
10:31 Farm
10:31 Farm
11:50 Farm
11:51 Farm
12:41 Workshop
15:32 Farm
15:32 Farm
» items
| Scroll of Regeneration | 1 | |
| Orb of Fire | 1 | |
| Scroll of Town Portal | 1 | |
| Potion of Healing | 1 | |
4 total
pub-craft (
green | 37 APM | 846 actions | 22:41)
6 Blademaster
3 Wind Walk
2 Critical Strike
1 Bladestorm
1 Tauren Chieftain
1 Endurance Aura
1 Archmage
1 Summon Water Elemental
» actions
| Basic commands | 5 | |
| Build / train | 50 | |
| Enter build submenu | 30 | |
| Enter hero's abilities submenu | 8 | |
| Give item / drop item | 1 | |
| Right click | 384 | |
| Select / deselect | 289 | |
| Use ability | 79 | |
846 total
» units
| Peon | 11 | |
| Troll Headhunter/Berserker | 5 | |
| Spirit Walker | 8 | |
| Tauren | 3 | |
27 total
» upgrades
| Armor | 1 | |
| Spirit Walker Training | 2 | |
| Troll Regeneration | 1 | |
| Pulverize | 1 | |
5 total
» buildings
| Altar of Storms | 1 | |
| Orc Burrow | 6 | |
| War Mill | 1 | |
| Voodoo Lounge | 1 | |
| Watch Tower | 8 | |
| Stronghold | 1 | |
| Barracks | 2 | |
| Fortress | 1 | |
| Spirit Lodge | 2 | |
| Tauren Totem | 2 | |
25 total
» build order
00:07 Altar of Storms
00:09 Orc Burrow
00:56 War Mill
01:20 Voodoo Lounge
02:16 Watch Tower
03:00 Orc Burrow
03:09 Watch Tower
03:26 Watch Tower
05:12 Stronghold
05:23 Barracks
05:27 Barracks
06:28 Watch Tower
06:31 Watch Tower
06:37 Watch Tower
06:39 Watch Tower
06:53 Orc Burrow
07:54 Fortress
08:02 Spirit Lodge
08:38 Spirit Lodge
09:56 Watch Tower
11:07 Tauren Totem
12:13 Orc Burrow
12:23 Orc Burrow
13:14 Orc Burrow
16:34 Tauren Totem
» items
| Healing Salve | 2 | |
| Lesser Clarity Potion | 2 | |
| Orb of Fire | 1 | |
| Staff of Teleportation | 1 | |
| Boots of Speed | 1 | |
7 total
tomo (
pink | 74 APM | 1288 actions | 17:27)
3 Tauren Chieftain
1 Endurance Aura
2 War Stomp
3 Shadow Hunter
2 Hex
1 Healing Wave
» actions
| Assign group hotkey | 73 | |
| Basic commands | 17 | |
| Build / train | 58 | |
| Enter build submenu | 17 | |
| Enter hero's abilities submenu | 6 | |
| Give item / drop item | 1 | |
| Remove unit from queue | 2 | |
| Right click | 473 | |
| Select / deselect | 244 | |
| Select group hotkey | 331 | |
| Use ability | 66 | |
1288 total
» units
| Peon | 15 | |
| Grunt | 8 | |
| Shaman | 4 | |
| Tauren | 3 | |
30 total
» upgrades
| Berserker Strength | 1 | |
| Pillage | 1 | |
| Shaman Training | 2 | |
| Armor | 2 | |
| Melee Weapons | 1 | |
| Reinforced Defenses | 1 | |
8 total
» buildings
| Altar of Storms | 2 | |
| Orc Burrow | 6 | |
| Barracks | 1 | |
| Voodoo Lounge | 1 | |
| Stronghold | 1 | |
| Spirit Lodge | 1 | |
| War Mill | 1 | |
| Great Hall | 1 | |
| Fortress | 1 | |
| Tauren Totem | 3 | |
18 total
» build order
00:10 Altar of Storms
00:19 Orc Burrow
00:37 Barracks
01:35 Orc Burrow
02:07 Voodoo Lounge
02:55 Stronghold
04:17 Orc Burrow
05:36 Spirit Lodge
05:58 War Mill
08:54 Great Hall
09:51 Fortress
10:21 Orc Burrow
11:51 Orc Burrow
12:23 Tauren Totem
12:29 Tauren Totem
15:48 Altar of Storms
16:20 Tauren Totem
16:56 Orc Burrow
» items
| Healing Salve | 5 | |
| Lesser Clarity Potion | 1 | |
| Scroll of Town Portal | 1 | |
| Potion of Mana | 1 | |
8 total
Chat log
(00:05 / Allies) WesFSTGDB: stay
(00:25 / Allies) WesFSTGDB: well nm
(00:26 / Allies) MidgetOnStilts: rush
(00:27 / Allies) WesFSTGDB: no point now
(00:30 / Allies) MidgetOnStilts: i take yellow
(00:35 / Allies) WesFSTGDB: alrigh ti'll try
(01:01 / Allies) MidgetOnStilts: split rush????
(01:05 / Allies) WesFSTGDB: nah i saw we go all
(01:12 / Allies) WesFSTGDB: i go tc, get an sh with yellow
(02:52 / Allies) WesFSTGDB: after the rush i'm feed red to mass wyvn/blood lust
(03:56 / Allies) WesFSTGDB: want to tp then counter>?
(04:52 / Allies) WesFSTGDB: lets go
(05:31 / Allies) MidgetOnStilts: go
(05:32 / Allies) MidgetOnStilts: go
(06:00 / Allies) MidgetOnStilts: next
(06:23 / Allies) WesFSTGDB: fight
(06:34 / Allies) WesFSTGDB: moeve dude
(06:50 / Allies) MidgetOnStilts: go green
(07:28 / Allies) WesFSTGDB: out
(10:30 / Allies) WesFSTGDB: amss wyvn
(10:34 / Allies) WesFSTGDB: get your knigths we go in a second here
(10:35 / Allies) WesFSTGDB: mass lust coming
(10:41 / Allies) MidgetOnStilts: getting bats yellow
(10:44 / Allies) MidgetOnStilts: knights
(11:59 / Allies) WesFSTGDB: bolt
(12:11 / Allies) WesFSTGDB: this way
(12:23 / Allies) WesFSTGDB: lets go
(13:32 / Allies) MidgetOnStilts: hit
(13:33 / Allies) WesFSTGDB: i lvoe blood lust
(16:53 / All) WesFSTGDB: level 6 tc
(16:55 / All) WesFSTGDB: it's over
(17:18 / All) pub-craft: like revive even does anything
(17:29 / All) WesFSTGDB: how'd you lose
(17:31 / All) WesFSTGDB: 2v4
(17:46 / All) pub-craft: u people are dumb as fuck if u think u didnt have the advantage
(17:48 / All) WesFSTGDB: i mean it's 2v4 lmao
(17:51 / All) WesFSTGDB: fucking awesome
(17:52 / Allies) MidgetOnStilts: we that good
(17:58 / All) pub-craft: my allies were retarded
(17:59 / Allies) WesFSTGDB: gj bro
(18:01 / All) pub-craft: lol
(18:06 / All) pub-craft: u guys have the advantage
(18:07 / All) pub-craft: 2v4
(18:14 / All) WesFSTGDB: level 7 tc lol
(18:53 / All) pub-craft: to bad purp just has like 20 tanks just chilling
(19:00 / All) WesFSTGDB: the wyn
(19:05 / All) WesFSTGDB: wyvn are upgraded
(19:08 / All) WesFSTGDB: doesn't do much really
(19:16 / All) WesFSTGDB: piercing rapes them
(19:19 / All) pub-craft: wyrns suck balls
(19:23 / All) pub-craft: "worst unit in game
(19:28 / All) WesFSTGDB: lol it's what won us the game
(20:19 / All) MidgetOnStilts: you weren't real good either you had like fifty guys to revive tauren and only had like three actual tauren
(20:31 / All) pub-craft: well
(20:36 / All) pub-craft: disenchant is great
(20:41 / All) pub-craft: and i just started making the tuaren
(20:54 / All) MidgetOnStilts: agreed, but you still need units to fight with
(21:54 / All) WesFSTGDB: level 8 tc
(21:56 / All) WesFSTGDB: fucking awesome
(22:21 / All) pub-craft: tc is ez to lvl lol